Map: Amygdala

Players

llllllllllll

  • Race: Protoss Protoss
  • League: Grandmaster
  • Spawn Location: 1:00

Moja - Winner!

  • Race: Terran Terran
  • League: Grandmaster
  • Spawn Location: 7:00

VOD

Have the link to the VOD?

Description

Time

  • Played on: April 9, 2025, 5:42 p.m.
  • Length: 15:44
Show
View Real Time Build Order
Export as new Build Order

llllllllllll Protoss 

Build Orders: 1 Gate Expand, Blink Stalkers 

Get SALT Encoding   

  12  0:00  Probe  
  13  0:13  Probe  
  14  0:17  Pylon  
  14  0:25  Probe  
  15  0:33  Probe  
  15  0:37  Gateway  
  15  0:41  Probe  
  16  0:46  Assimilator  
  17  0:51  Probe  
  18  1:04  Probe  
  19  1:16  Probe  
  20  1:24  Cybernetics Core  
  20  1:35  Nexus  
  20  1:37  Probe  
  21  1:45  Pylon  
  21  1:49  Probe  
  21  1:52  Assimilator  
  21  1:53  Adept  
  22  1:59  Probe  
  22  2:05  Warp Gate  
  22  2:07  Probe  
  26  2:16  Probe  
  26  2:19  Twilight Council  
  27  2:26  Adept  
  27  2:29  Probe  
  30  2:36  Shield Battery  
  30  2:41  Probe  
  31  2:44  Probe  
  32  2:52  Probe  
  32  2:53  Probe  
  32  2:56  Blink  
  32  2:57  Shield Battery  
  34  2:59  Stalker  
  34  3:02  Probe  
  34  3:05  Probe  
  38  3:17  Probe x2  
  40  3:29  Gateway, Sentry  
  40  3:31  Gateway  
  42  3:37  Probe x2  
  42  3:40  Pylon  
  44  3:46  Pylon  
  44  3:50  Robotics Facility  
  44  3:52  Probe x2  
  46  4:06  Probe x2  
  48  4:10  Stalker  
  48  4:15  Nexus  
  50  4:18  Pylon  
  50  4:33  Stalker  
  50  4:34  Stalker x2  
  56  4:40  Assimilator  
  56  4:41  Assimilator  
  56  4:42  Probe x2  
  58  4:47  Charge  
  58  4:48  Pylon  
  58  4:59  Stalker x2  
  62  5:00  Zealot  
  62  5:03  Probe  
  62  5:04  Probe  
  62  5:05  Shield Battery  
  60  5:25  Probe x2  
  54  5:31  Stalker x3  
  54  5:33  Probe  
  54  5:34  Probe  
  55  5:53  Probe x2  
  55  5:54  Probe  
  56  5:58  Stalker x3  
  56  6:09  Probe  
  56  6:10  Probe x2  
  57  6:20  Warp Prism  
  59  6:27  Robotics Bay, Probe  
  59  6:28  Forge  
  59  6:30  Probe  
  59  6:31  Probe  
  60  6:37  Probe  
  60  6:38  Probe  
  60  6:39  Probe  
  65  6:48  Probe x3  
  65  6:49  Sentry x2  
  65  6:51  Assimilator  
  72  6:59  Zealot  
  74  7:04  Gateway  
  74  7:05  Gateway  
  74  7:07  Gateway  
  74  7:08  Colossus  
  74  7:09  Probe x2  
  74  7:10  Probe  
  74  7:13  Extended Thermal Lance  
  81  7:27  Probe x3  
  84  7:34  Protoss Ground Weapons Level 1  
  84  7:41  Zealot x3  
  84  7:43  Probe  
  84  7:44  Probe x2  
  93  7:45  Pylon  
  93  7:47  Pylon  
  93  7:56  Pylon  
  93  8:01  Gateway  
  93  8:03  Gateway, Pylon  
  93  8:04  Pylon  
  93  8:09  Colossus  
  93  8:25  Zealot x6  
  111  8:37  Pylon  
  111  8:38  Probe x2  
  111  8:46  Zealot x5  
  111  8:47  Zealot  
  117  8:53  Colossus  
  111  9:08  Zealot x5  
  111  9:09  Zealot x2  
  131  9:10  Zealot  
  131  9:15  Pylon  
  131  9:16  Pylon  
  131  9:30  Zealot x3  
  131  9:31  Zealot  
  131  9:42  Zealot x4  
  129  9:47  Immortal  
  129  9:50  Templar Archives  
  127  9:56  Zealot x4  
  135  10:06  Zealot x4  
  101  10:19  Warp Prism  
  93  10:24  Stalker  
  93  10:25  Stalker x3  
  93  10:27  Sentry x3  
  93  10:28  Sentry  
  111  10:36  Assimilator  
  111  10:48  High Templar x4  
  119  10:51  High Templar x3  
  119  10:52  High Templar  
  119  10:53  Archon x2  
  119  10:55  Archon  
  119  10:56  Archon  
  127  11:07  Nexus  
  127  11:08  Pylon  
  123  11:21  High Templar x3  
  123  11:23  High Templar  
  123  11:24  Gateway  
  131  11:27  Gateway, Zealot x2  
  134  11:34  Gateway  
  134  11:37  Gateway  
  132  11:48  Gateway  
  132  11:49  Gateway  
  132  11:52  Pylon  
  132  11:53  Shield Battery  
  123  12:10  Archon x2  
  117  12:48  Pylon  
  117  12:49  Pylon  
  113  12:51  Pylon  
  113  12:53  Pylon  
  113  12:55  Pylon  
  113  12:56  Pylon  
  113  12:59  Pylon  
  71  13:06  Zealot x7  
  71  13:11  Cybernetics Core  
  71  13:12  Assimilator  
  67  13:16  Assimilator  
  67  13:22  Zealot x3  
  73  13:27  Zealot x4  
  81  13:37  Pylon  
  79  13:43  Zealot x4  
  81  13:50  Zealot x3  
  73  14:03  Zealot x4  
  73  14:07  Twilight Council  
  67  14:10  Zealot x3  
  73  14:25  Zealot x5  
  73  14:30  Zealot x5  
  79  14:39  Pylon  
  79  14:45  Sentry  
  75  14:47  Stalker  
  55  15:12  Stalker x7  
  26  15:36  Zealot x4  
Show
View Real Time Build Order
Export as new Build Order

Moja Terran - Winner!

Build Orders: Gas First Reaper Expand 

Get SALT Encoding   

  12  0:00  SCV  
  13  0:12  SCV  
  14  0:16  Supply Depot  
  14  0:24  SCV  
  14  0:27  Refinery  
  15  0:38  SCV  
  16  0:44  Barracks  
  16  0:50  SCV  
  17  1:02  SCV  
  18  1:14  SCV  
  19  1:32  Orbital Command, Reaper  
  20  1:42  Command Center  
  20  1:51  Factory  
  20  1:58  SCV  
  21  2:02  Supply Depot  
  21  2:06  Reaper  
  22  2:10  SCV  
  22  2:13  Refinery  
  23  2:24  SCV  
  24  2:37  SCV, Hellion  
  27  2:39  Barracks Reactor  
  27  2:49  SCV  
  27  2:50  Starport  
  28  2:54  Orbital Command  
  30  2:58  Widow Mine  
  30  3:01  SCV  
  31  3:12  Orbital Command  
  31  3:13  SCV  
  31  3:15  Marine x2  
  34  3:21  Widow Mine  
  34  3:26  Supply Depot, Medivac  
  38  3:27  SCV  
  39  3:35  Marine x2  
  39  3:38  SCV  
  39  3:39  SCV  
  43  3:43  Factory Tech Lab  
  43  3:46  Supply Depot  
  43  3:50  SCV  
  43  3:51  SCV  
  43  3:53  Marine x2  
  47  4:01  Supply Depot, Siege Tank  
  47  4:02  SCV  
  51  4:03  SCV  
  51  4:07  Liberator  
  55  4:13  Marine  
  55  4:14  Supply Depot, SCV, Marine  
  58  4:17  SCV  
  59  4:26  SCV  
  59  4:29  SCV  
  59  4:31  Marine  
  61  4:32  Marine  
  61  4:35  Siege Tank  
  66  4:39  SCV  
  66  4:41  SCV  
  66  4:43  Supply Depot  
  68  4:49  Marine x2  
  68  4:51  SCV  
  71  4:54  SCV  
  72  5:03  SCV  
  72  5:06  SCV, Marine  
  75  5:07  Marine  
  75  5:10  Command Center  
  72  5:15  SCV  
  72  5:18  SCV  
  63  5:26  Marine x2  
  63  5:27  SCV  
  64  5:28  Siege Tank  
  64  5:30  SCV, Barracks  
  64  5:31  Barracks  
  68  5:37  Refinery, Engineering Bay  
  68  5:39  SCV  
  68  5:42  SCV  
  61  5:50  Marine x2  
  61  5:51  SCV, Viking  
  61  5:54  SCV  
  61  6:03  SCV  
  58  6:04  Terran Infantry Weapons Level 1  
  58  6:06  SCV  
  57  6:15  SCV, Marine x2  
  57  6:18  SCV  
  57  6:20  Barracks Tech Lab  
  57  6:24  Refinery  
  58  6:26  Stimpack  
  58  6:27  SCV, Marauder  
  58  6:28  Starport Reactor, Factory Reactor  
  58  6:30  SCV  
  58  6:31  Orbital Command  
  62  6:35  Marine x2  
  62  6:39  Combat Shield  
  65  6:40  SCV  
  65  6:41  Marauder  
  65  6:42  SCV  
  68  6:50  Marauder, Barracks  
  68  6:51  Barracks  
  68  6:52  SCV  
  68  6:53  Marine x2  
  73  6:55  SCV  
  73  7:01  SCV  
  75  7:02  Marauder  
  75  7:04  Supply Depot, SCV  
  75  7:06  Supply Depot, Medivac  
  75  7:07  Orbital Command, SCV  
  81  7:18  Marine x2  
  81  7:19  SCV x2, Marauder  
  86  7:25  Medivac  
  86  7:26  Widow Mine x2  
  86  7:29  Marauder  
  94  7:31  SCV  
  94  7:35  SCV x2  
  94  7:36  Marine x2  
  99  7:38  Medivac  
  99  7:39  Barracks Reactor  
  99  7:40  Barracks Tech Lab, Marauder  
  99  7:44  SCV  
  104  7:47  SCV  
  104  7:49  Widow Mine x2  
  108  7:52  Marauder  
  108  7:54  Marine  
  108  7:57  Supply Depot  
  108  7:58  Marine, Medivac  
  113  7:59  Supply Depot x2, Concussive Shells, Marauder  
  116  8:08  Terran Infantry Armor Level 1  
  116  8:11  Marine, Marauder  
  119  8:17  Marine  
  119  8:18  Marauder  
  119  8:19  Marine  
  118  8:20  Marauder  
  118  8:21  SCV x2  
  118  8:25  Medivac  
  125  8:28  Medivac  
  125  8:30  Marine  
  125  8:32  Marauder  
  125  8:35  Marine  
  125  8:37  Marine  
  125  8:39  Marauder  
  125  8:40  SCV  
  122  8:42  SCV x2  
  120  8:55  Viking  
  120  9:00  SCV x2, Marine, Marauder  
  125  9:03  Marine, Marauder  
  125  9:04  Viking  
  125  9:08  Widow Mine  
  132  9:11  Marine  
  132  9:12  Marauder  
  133  9:21  Marine x2, Marauder  
  129  9:26  Orbital Command  
  129  9:28  SCV  
  129  9:31  Marine, Marauder  
  130  9:34  Marine  
  130  9:35  Marauder  
  133  9:39  Marine  
  133  9:43  Marauder  
  134  9:47  SCV x2, Marine  
  137  9:53  SCV, Marauder  
  137  9:57  Marine, Marauder  
  137  9:59  SCV x2, Marine  
  142  10:04  Marine, Marauder  
  139  10:08  Marine  
  122  10:14  Marine, Marauder  
  122  10:15  SCV  
  122  10:18  Viking  
  122  10:19  SCV x2, Marauder  
  125  10:25  Refinery  
  123  10:35  SCV, Marine x2  
  124  10:36  Marine, Marauder x2  
  124  10:39  Marine  
  124  10:40  Marauder  
  124  10:41  Viking  
  136  10:48  Viking  
  138  10:51  Supply Depot  
  138  10:54  Marine x2  
  138  10:56  SCV x3  
  143  10:57  Marauder x2  
  149  11:11  Marauder  
  149  11:12  Marine, Viking  
  149  11:18  Marauder, Viking  
  154  11:20  Marine  
  157  11:29  Supply Depot  
  157  11:30  Supply Depot  
  157  11:31  Supply Depot  
  157  11:32  Supply Depot  
  153  11:53  Marine  
  158  11:54  Marauder x2  
  156  12:12  Supply Depot x2  
  138  13:01  Marine x2, Marauder, Viking  
  138  13:02  Marine, Viking  
  138  13:03  Marauder x2  
  117  13:13  Orbital Command  
  117  13:22  Command Center  
  113  13:53  Marine  
  113  13:54  Marauder  
  113  13:55  Widow Mine x2  
  108  14:08  Marine, Marauder  
  107  14:12  Marine x2  
  107  14:13  Marauder  
  107  14:14  Liberator x2  
  117  14:19  Widow Mine  
  117  14:20  Widow Mine  
  114  14:34  Marine  
  114  14:35  Marauder  
  114  14:37  Marine x2, Marauder x2  
  112  14:41  Widow Mine x2  
  114  14:52  Marine  
  115  14:56  Liberator, Marauder  
  116  15:00  Marine x2, Marauder x2  
  116  15:02  Widow Mine  
  116  15:03  SCV  
  122  15:07  Orbital Command, Refinery  
  122  15:08  Refinery  
  122  15:10  Marine  
  123  15:17  Marauder  
  123  15:18  Marine x2  
  127  15:21  Marine x2  
  125  15:43  Refinery x2  
Tags
 
Add a new tag
Caveats
  • Supply blocks, unpowered buildings, or Contaminate may cause inaccurate times.
  • Supply counts are checked every 10 seconds.